TOP OF THE 1ST |
Niagara Falls Frenzy batting - Pitching for Greenville 84s : LHP Mike Graves
|
Pitching: LHP Mike Graves
|
|
Batting: RHB Ángel Hinojosa
|
0-0: Ball 1-0: SINGLE (Line Drive, 7S)
|
Batting: LHB Dante Owens
|
0-0: Ball 1-0: Called Strike 1-1: Ball 2-1: Foul Ball, location: 2F 2-2: Ball 3-2: Fly out, F9 (Flyball, 89M)
|
Batting: LHB Donovan Bird
|
0-0: Ball 1-0: Called Strike 1-1: Called Strike 1-2: Fielders Choice at 2nd, 3-6 (Groundball, 3)
|
Batting: RHB Lawrence Schroeder
|
0-0: Called Strike 0-1: Ball 1-1: Ball 2-1: Ground out 4-3 (Groundball, 4)
|
Top of the 1st over - 0 run(s), 1 hit(s), 0 error(s), 1 left on base; Niagara Falls 0 - Greenville 0 |
BOTTOM OF THE 1ST |
Greenville 84s batting - Pitching for Niagara Falls Frenzy : RHP Mark Head
|
Pitching: RHP Mark Head
|
|
Batting: RHB Carlos Torres
|
0-0: Ball 1-0: Ball 2-0: Called Strike 2-1: Swinging Strike 2-2: Ball 3-2: Fly out, F9 (Flyball, 9M)
|
Batting: LHB Chris Moore
|
0-0: Ball 1-0: Ball 2-0: Ball 3-0: Called Strike 3-1: Fly out, F9 (Flyball, 89D)
|
Batting: RHB Enzo Díaz
|
0-0: Foul Ball, location: 2F 0-1: Ball 1-1: SINGLE (Line Drive, 56)
|
Batting: LHB Jimmy Vickers
|
0-0: Ball 1-0: Ball 2-0: Called Strike 2-1: Swinging Strike 2-2: Fielders Choice at 2nd, U6 (Groundball, 6M)
|
Bottom of the 1st over - 0 run(s), 1 hit(s), 0 error(s), 1 left on base; Niagara Falls 0 - Greenville 0 |
TOP OF THE 2ND |
Niagara Falls Frenzy batting - Pitching for Greenville 84s : LHP Mike Graves
|
Batting: SHB Martín De Jesús
|
0-0: Ball 1-0: Called Strike 1-1: Swinging Strike 1-2: Strikes out swinging
|
Batting: LHB Clyde Yarbrough
|
0-0: Called Strike 0-1: Ball 1-1: Foul Ball, location: 2F 1-2: Fly out, F8 (Line Drive, 89D)
|
Batting: SHB Shumei Yokoyama
|
0-0: Foul Ball, location: 2F 0-1: Ball 1-1: Foul Ball, location: 2F 1-2: Ball 2-2: Ground out 6-3 (Groundball, 6MS)
|
Top of the 2nd over - 0 run(s), 0 hit(s), 0 error(s), 0 left on base; Niagara Falls 0 - Greenville 0 |
BOTTOM OF THE 2ND |
Greenville 84s batting - Pitching for Niagara Falls Frenzy : RHP Mark Head
|
Batting: LHB Paco Rosas
|
0-0: Ball 1-0: Ball 2-0: Called Strike 2-1: Ball 3-1: Base on Balls
|
Batting: LHB Kiyonaga Morita
|
0-0: Ball 1-0: Swinging Strike 1-1: Ball 2-1: Called Strike 2-2: Ball 3-2: Fly out, F8 (Flyball, 8RD)
|
Batting: LHB Vicente Bueno
|
0-0: Ball 1-0: Ball Paco Rosas steals 2nd base 2-0: Foul Ball, location: 2F 2-1: Ball 3-1: Swinging Strike 3-2: Strikes out looking
|
Batting: LHB Al Mills
|
0-0: Ball 1-0: Ball 2-0: Ball 3-0: Called Strike 3-1: Base on Balls
|
Batting: LHB Brock Larsen
|
0-0: Ball 1-0: Ball 2-0: Ball 3-0: Called Strike 3-1: Called Strike 3-2: Foul Ball, location: 2F 3-2: Strikes out swinging
|
Bottom of the 2nd over - 0 run(s), 0 hit(s), 0 error(s), 2 left on base; Niagara Falls 0 - Greenville 0 |
TOP OF THE 3RD |
Niagara Falls Frenzy batting - Pitching for Greenville 84s : LHP Mike Graves
|
Batting: RHB Bryce Hester
|
0-0: Ball 1-0: Fly out, F9 (Flyball, 89M)
|
Batting: RHB Gerald Burnett
|
0-0: Called Strike 0-1: Called Strike 0-2: Foul Ball, location: 2F 0-2: Foul Ball, location: 2F 0-2: Ball 1-2: Strikes out looking
|
Batting: RHB Ángel Hinojosa
|
0-0: Ball 1-0: Swinging Strike 1-1: Called Strike 1-2: Strikes out swinging
|
Top of the 3rd over - 0 run(s), 0 hit(s), 0 error(s), 0 left on base; Niagara Falls 0 - Greenville 0 |
BOTTOM OF THE 3RD |
Greenville 84s batting - Pitching for Niagara Falls Frenzy : RHP Mark Head
|
Batting: RHB Carlos Torres
|
0-0: Ground out 6-3 (Groundball, 6M)
|
Batting: LHB Chris Moore
|
0-0: Foul Ball, location: 2F 0-1: Ball 1-1: Foul Ball, location: 2F 1-2: Ball 2-2: Ball 3-2: Foul Ball, location: 2F 3-2: Foul Ball, location: 2F 3-2: Fly out, F9 (Line Drive, 9M)
|
Batting: RHB Enzo Díaz
|
0-0: Ball 1-0: Foul Ball, location: 2F 1-1: Foul Ball, location: 2F 1-2: Ball 2-2: Foul Ball, location: 2F 2-2: Foul Ball, location: 2F 2-2: Ball 3-2: Foul Ball, location: 2F 3-2: Foul Ball, location: 2F 3-2: Foul Ball, location: 2F 3-2: Base on Balls
|
Batting: LHB Jimmy Vickers
|
0-0: Ball 1-0: Ground out 6-3 (Groundball, 6)
|
Bottom of the 3rd over - 0 run(s), 0 hit(s), 0 error(s), 1 left on base; Niagara Falls 0 - Greenville 0 |
TOP OF THE 4TH |
Niagara Falls Frenzy batting - Pitching for Greenville 84s : LHP Mike Graves
|
Batting: LHB Dante Owens
|
0-0: Called Strike 0-1: Ball 1-1: Foul Ball, location: 2F 1-2: Ball 2-2: Ball 3-2: Base on Balls
|
Batting: LHB Donovan Bird
|
0-0: Ball 1-0: Ball 2-0: Foul Ball, location: 2F 2-1: Grounds into double play, 4-6-3 (Groundball, 4)
|
Batting: RHB Lawrence Schroeder
|
0-0: Ball 1-0: SINGLE (Groundball, 4M)
|
Batting: SHB Martín De Jesús
|
0-0: Called Strike 0-1: Ball 1-1: SINGLE (Line Drive, 34) Lawrence Schroeder to second Runner from 2nd tries for 3rd, SAFE, throw made to third
|
Batting: LHB Clyde Yarbrough
|
0-0: Called Strike 0-1: Ball 1-1: Ball 2-1: Called Strike 2-2: Foul Ball, location: 2F 2-2: Ball 3-2: Fly out, F2 (Popup, 2RF)
|
Top of the 4th over - 0 run(s), 2 hit(s), 0 error(s), 2 left on base; Niagara Falls 0 - Greenville 0 |
BOTTOM OF THE 4TH |
Greenville 84s batting - Pitching for Niagara Falls Frenzy : RHP Mark Head
|
Batting: LHB Paco Rosas
|
0-0: Ball 1-0: Called Strike 1-1: Ball 2-1: Ball 3-1: Foul Ball, location: 2F 3-2: Foul Ball, location: 2F 3-2: Foul Ball, location: 2F 3-2: Strikes out swinging
|
Batting: LHB Kiyonaga Morita
|
0-0: Called Strike 0-1: Swinging Strike 0-2: Foul Ball, location: 2F 0-2: Ball 1-2: Ball 2-2: Ball 3-2: SINGLE (Groundball, 56D)
|
Batting: LHB Vicente Bueno
|
0-0: Called Strike 0-1: Foul Ball, location: 2F 0-2: Fly out, F9 (Flyball, 89M)
|
Batting: LHB Al Mills
|
0-0: Ball 1-0: Called Strike 1-1: Swinging Strike 1-2: Strikes out swinging
|
Bottom of the 4th over - 0 run(s), 1 hit(s), 0 error(s), 1 left on base; Niagara Falls 0 - Greenville 0 |
TOP OF THE 5TH |
Niagara Falls Frenzy batting - Pitching for Greenville 84s : LHP Mike Graves
|
Batting: SHB Shumei Yokoyama
|
0-0: Ground out 5-3 (Groundball, 5)
|
Batting: RHB Bryce Hester
|
0-0: Ball 1-0: SINGLE (Groundball, 4M)
|
Batting: RHB Gerald Burnett
|
0-0: Ball 1-0: Ball 2-0: Called Strike 2-1: Ball 3-1: Called Strike 3-2: Foul Ball, location: 2F 3-2: Foul Ball, location: 2F 3-2: Strikes out swinging Throwing error on steal attempt, E2 Bryce Hester to third
|
Batting: RHB Ángel Hinojosa
|
0-0: Called Strike 0-1: Ground out 6-3 (Groundball, 6)
|
Top of the 5th over - 0 run(s), 1 hit(s), 1 error(s), 1 left on base; Niagara Falls 0 - Greenville 0 |
BOTTOM OF THE 5TH |
Greenville 84s batting - Pitching for Niagara Falls Frenzy : RHP Mark Head
|
Batting: LHB Brock Larsen
|
0-0: Ball 1-0: Called Strike 1-1: Ball 2-1: Called Strike 2-2: DOUBLE (Line Drive, 7LM)
|
Pitching: RHP Ángel Francisco
|
|
Batting: RHB Carlos Torres
|
0-0: Ball 1-0: Ball 2-0: Called Strike 2-1: Ground out 6-3 (Groundball, 56)
|
Batting: LHB Chris Moore
|
0-0: Ground out 4-3 (Groundball, 34) Brock Larsen to third
|
Batting: RHB Enzo Díaz
|
0-0: Ball 1-0: Ball 2-0: Foul Ball, location: 2F 2-1: Foul Ball, location: 2F 2-2: Fly out, F8 (Popup, 4MD)
|
Bottom of the 5th over - 0 run(s), 1 hit(s), 0 error(s), 1 left on base; Niagara Falls 0 - Greenville 0 |
TOP OF THE 6TH |
Niagara Falls Frenzy batting - Pitching for Greenville 84s : LHP Mike Graves
|
Batting: LHB Dante Owens
|
0-0: Foul Ball, location: 2F 0-1: Ball 1-1: Ball 2-1: Called Strike 2-2: Foul Ball, location: 2F 2-2: Ball 3-2: Base on Balls
|
Pitching: RHP Dave Smith
|
|
Batting: LHB Donovan Bird
|
0-0: SINGLE (Line Drive, 4D) Dante Owens to second
|
Batting: RHB Lawrence Schroeder
|
0-0: Ball 1-0: Ball 2-0: Ball 3-0: Swinging Strike 3-1: Grounds into double play, 4-6-3 (Groundball, 4) Dante Owens to third
|
Batting: SHB Martín De Jesús
|
0-0: DOUBLE (Flyball, 78XD) Dante Owens scores
|
Batting: LHB Clyde Yarbrough
|
0-0: Called Strike 0-1: Ball 1-1: Ball 2-1: DOUBLE (Line Drive, 6MD) Martín De Jesús scores
|
Batting: SHB Shumei Yokoyama
|
0-0: Ball 1-0: Ball 2-0: Ball 3-0: Base on Balls
|
Batting: RHB Bryce Hester
|
0-0: Foul Ball, location: 2F 0-1: Ball 1-1: Ball 2-1: Ball 3-1: SINGLE (Groundball, 4M) Clyde Yarbrough to third Shumei Yokoyama to second Runner from 3rd tries for Home, SAFE, no throw or cutoff
|
Batting: RHB Gerald Burnett
|
0-0: Ball 1-0: Ball 2-0: Ball 3-0: Fly out, F8 (Flyball, 8RS)
|
Top of the 6th over - 3 run(s), 4 hit(s), 0 error(s), 2 left on base; Niagara Falls 3 - Greenville 0 |
BOTTOM OF THE 6TH |
Greenville 84s batting - Pitching for Niagara Falls Frenzy : RHP Ángel Francisco
|
Batting: LHB Jimmy Vickers
|
0-0: Called Strike 0-1: SINGLE (Groundball, 34D)
|
Batting: LHB Paco Rosas
|
0-0: Ball 1-0: Ball 2-0: Swinging Strike 2-1: Foul Ball, location: 2F 2-2: Foul Ball, location: 2F 2-2: Ball 3-2: Grounds into double play, 3-6-1 (Groundball, 3)
|
Batting: LHB Kiyonaga Morita
|
0-0: Called Strike 0-1: Ball 1-1: Ground out U3 (Groundball, 3S)
|
Bottom of the 6th over - 0 run(s), 1 hit(s), 0 error(s), 0 left on base; Niagara Falls 3 - Greenville 0 |
TOP OF THE 7TH |
Niagara Falls Frenzy batting - Pitching for Greenville 84s : RHP Dave Smith
|
Batting: RHB Ángel Hinojosa
|
0-0: Swinging Strike 0-1: Foul Ball, location: 2F 0-2: Ball 1-2: Ball 2-2: Ball 3-2: Foul Ball, location: 2F 3-2: Strikes out swinging
|
Batting: LHB Dante Owens
|
0-0: Ball 1-0: Ball 2-0: Ground out 5-3 (Groundball, 15S)
|
Batting: LHB Donovan Bird
|
0-0: Ball 1-0: Ball 2-0: Called Strike 2-1: Ball 3-1: Fly out, F8 (Flyball, 8LD)
|
Top of the 7th over - 0 run(s), 0 hit(s), 0 error(s), 0 left on base; Niagara Falls 3 - Greenville 0 |
BOTTOM OF THE 7TH |
Greenville 84s batting - Pitching for Niagara Falls Frenzy : RHP Ángel Francisco
|
Pitching: RHP Kimitada Takai
|
|
Batting: LHB Vicente Bueno
|
0-0: Fly out, F8 (Flyball, 8RS)
|
Batting: LHB Al Mills
|
0-0: Called Strike 0-1: Ball 1-1: Ball 2-1: Called Strike 2-2: Ball 3-2: Foul Ball, location: 2F 3-2: Strikes out looking
|
Batting: LHB Brock Larsen
|
0-0: Ground out 4-3 (Groundball, 34)
|
Bottom of the 7th over - 0 run(s), 0 hit(s), 0 error(s), 0 left on base; Niagara Falls 3 - Greenville 0 |
TOP OF THE 8TH |
Niagara Falls Frenzy batting - Pitching for Greenville 84s : RHP Dave Smith
|
Pitching: RHP Pierre Deschęnes
|
|
Batting: RHB Lawrence Schroeder
|
0-0: Called Strike 0-1: Ground out 4-3 (Groundball, 4)
|
Batting: SHB Martín De Jesús
|
0-0: Swinging Strike 0-1: Ground out 4-3 (Groundball, 4)
|
Batting: LHB Clyde Yarbrough
|
0-0: Called Strike 0-1: Foul Ball, location: 2F 0-2: Ball 1-2: Ball 2-2: Ball 3-2: Foul Ball, location: 2F 3-2: SINGLE (Line Drive, 9LM)
|
Batting: SHB Shumei Yokoyama
|
0-0: Ball 1-0: Foul Ball, location: 2F 1-1: Foul Ball, location: 2F 1-2: Fly out, F5 (Popup, 5L)
|
Top of the 8th over - 0 run(s), 1 hit(s), 0 error(s), 1 left on base; Niagara Falls 3 - Greenville 0 |
BOTTOM OF THE 8TH |
Greenville 84s batting - Pitching for Niagara Falls Frenzy : RHP Kimitada Takai
|
Batting: RHB Carlos Torres
|
0-0: Ground out 4-3 (Groundball, 34)
|
Batting: LHB Chris Moore
|
0-0: Called Strike 0-1: Ball 1-1: Foul Ball, location: 2F 1-2: Ground out 4-3 (Groundball, 4MS)
|
Batting: RHB Enzo Díaz
|
0-0: Called Strike 0-1: Swinging Strike 0-2: Ball 1-2: Fly out, F5 (Line Drive, 5)
|
Bottom of the 8th over - 0 run(s), 0 hit(s), 0 error(s), 0 left on base; Niagara Falls 3 - Greenville 0 |
TOP OF THE 9TH |
Niagara Falls Frenzy batting - Pitching for Greenville 84s : RHP Pierre Deschęnes
|
Batting: RHB Bryce Hester
|
0-0: Called Strike 0-1: Swinging Strike 0-2: Strikes out looking
|
Batting: RHB Gerald Burnett
|
0-0: Foul Ball, location: 2F 0-1: Swinging Strike 0-2: Ball 1-2: Strikes out swinging, 2-3 out at first.
|
Batting: RHB Ángel Hinojosa
|
0-0: Ground out 1-3 (Groundball, 15)
|
Top of the 9th over - 0 run(s), 0 hit(s), 0 error(s), 0 left on base; Niagara Falls 3 - Greenville 0 |
BOTTOM OF THE 9TH |
Greenville 84s batting - Pitching for Niagara Falls Frenzy : RHP Kimitada Takai
|
Pitching: RHP Esteban Juárez
|
|
Batting: LHB Jimmy Vickers
|
0-0: Called Strike 0-1: Ground out 4-3 (Groundball, 34)
|
Batting: LHB Paco Rosas
|
0-0: Ball 1-0: Foul Ball, location: 2F 1-1: Ball 2-1: Foul Ball, location: 2F 2-2: Fly out, F8 (Flyball, 8RM)
|
Batting: LHB Kiyonaga Morita
|
0-0: Ball 1-0: Called Strike 1-1: Ball 2-1: Ball 3-1: Called Strike 3-2: Ground out 1-3 (Groundball, 13)
|
Bottom of the 9th over - 0 run(s), 0 hit(s), 0 error(s), 0 left on base; Niagara Falls 3 - Greenville 0 |
|